 Dungeon Crawl Stone Soup version 0.20.1-1-g8b1a95d (webtiles) character file.

541 empire the Slasher (level 7, -2/61 HPs)
             Began as a Minotaur Fighter on Oct 31, 2017.
             Slain by a leopard gecko (3 damage)
             ... on level 4 of the Dungeon on Nov 9, 2017.
             The game lasted 00:06:33 (2610 turns).

empire the Slasher (Minotaur Fighter)               Turns: 2610, Time: 00:06:34

Health: -2/61      AC: 12    Str: 20    XL:     7   Next: 5%
Magic:  6/6        EV:  7    Int:  5    God:
Gold:   261        SH: 10    Dex: 12    Spells: 6/6 levels left

rFire    . . .     SeeInvis .   a - +0 long sword
rCold    . . .     Gourm    .   c - +0 shield
rNeg     . . .     Faith    .   v - +0 chain mail
rPois    .         Spirit   .   (helmet restricted)
rElec    .         Reflect  .   (no cloak)
rCorr    .         Harm     .   (no gloves)
MR       .....                  (no boots)
Stlth    ..........             A - amulet of magic regeneration
Regen    0.2/turn               i - +3 ring of protection
MPRegen  0.2/turn               (no ring)

@: slowed, very slow
A: retaliatory headbutt, horns 2
a: no special abilities


You were on level 4 of the Dungeon.
You were not hungry.

You visited 1 branch of the dungeon, and saw 4 of its levels.

You collected 261 gold pieces.

Inventory:

Hand Weapons
 a - a +0 long sword (weapon)
 o - a +2 short sword of protection
 p - a +0 short sword of protection
Armour
 c - a +0 shield (worn)
 v - a +0 chain mail (worn)
Jewellery
 i - a +3 ring of protection (left hand)
 A - an amulet of magic regeneration (around neck)
Wands
 d - a wand of flame (21/48)
 B - a wand of confusion (30/48)
 C - a wand of flame (18/48)
Scrolls
 e - 4 scrolls of identify {unknown}
 h - 2 scrolls of random uselessness {unknown}
 k - 4 scrolls of remove curse {unknown}
 m - 3 scrolls of teleportation {unknown}
 u - a scroll of enchant armour {unknown}
 w - a scroll of noise {unknown}
 x - 2 scrolls of enchant weapon {unknown}
 y - a scroll of amnesia {unknown}
 F - a scroll of recharging {unknown}
Potions
 j - 3 potions of mutation {unknown}
 l - a potion of cancellation {unknown}
 n - a potion of agility {unknown}
 r - a potion of heal wounds {unknown}
 s - 2 potions of flight {unknown}
 t - a potion of lignification {unknown}
 z - 2 potions of haste {unknown}
Books
 b - a book of Clouds

   Spells                             Type                      Level
   a - Poisonous Vapours              Poison/Air                   2
   b - Mephitic Cloud                 Conjuration/Poison/Air       3
   c - Conjure Flame                  Conjuration/Fire             3
   d - Freezing Cloud                 Conjuration/Ice/Air          6
   e - Ring of Flames                 Charms/Fire                  7
 E - a book of Conjurations

   Spells                             Type                      Level
   a - Magic Dart                     Conjuration                  1
   b - Searing Ray                    Conjuration                  2
   c - Dazzling Spray                 Conjuration/Hexes            3
   d - Fulminant Prism                Conjuration/Hexes            4
   e - Force Lance                    Conjuration/Translocation    4
   f - Iskenderun's Mystic Blast      Conjuration                  4
Comestibles
 f - 4 bread rations
 g - 2 royal jellies
 q - a meat ration
 D - 4 fruits


   Skills:
 + Level 5.2 Fighting
 * Level 5.9 Long Blades
 + Level 4.7 Armour
 + Level 2.9 Dodging
 + Level 5.2 Shields


You had 6 spell levels left.
You didn't know any spells.

Dungeon Overview and Level Annotations

Branches:
Dungeon (4/15)
 Temple: D:4-7

Altars:
Dithmenos
Fedhas
Okawaru
Qazlal
Trog


Innate Abilities, Weirdness & Mutations

You reflexively headbutt those who attack you in melee.
You have a pair of horns on your head.


Message History

The orc wizard closely misses you.
You riposte.
You hit the orc wizard. Your headbutt misses the orc wizard.
The orc wizard is almost dead.
You closely miss the orc wizard.
The orc wizard is almost dead.
The orc wizard hits you but does no damage.
You block the orc wizard's attack.
The orc wizard hits you but does no damage.
You hit the orc wizard.
You kill the orc wizard!
The orc priest invokes the aid of Beogh against you.
Beogh smites you!
* * * LOW HITPOINT WARNING * * *
The leopard gecko bites you but does no damage.
You closely miss the leopard gecko.
The orc priest mumbles some strange prayers to Beogh against you.
Beogh smites you!
* * * LOW HITPOINT WARNING * * *
You block the leopard gecko's attack. The leopard gecko bites you.
You die...

###...# #_#..##.# #.# ##.##
#'#.###.# #.# # #.####.#.###.#
#.# # #......))....#######.#### #
###..#####.###.##.........#§# #
##....#####.# #.##......>.#§§§###
............# #)##.......#.#§#§##
##.........####.##.......§§§§.§..
................@lo......#§#§#.#.
##..........###.##o......§#§§§#..
#.<........# #.##........§#§#.##
#.........####.##.......§....##
##.#...##................<....#
#..........####....####........
#..#...###.##...........#.######
#..##......>....#######.#.#
#..##.####.##.### #


You could see an orc priest, an orc and a leopard gecko.

Vanquished Creatures
  Duvessa (D:4)
  Blork the orc (D:4)
  Dowan (D:4)
  2 orc wizards (D:4)
  Terence (D:3)
  A worker ant (D:4)
  4 gnolls (D:2)
  10 adders
  An ooze (D:4)
  A worm (D:3)
  4 dart slugs
  7 orcs
  A ball python (D:3)
  5 bats
  4 giant cockroaches
  9 goblins
  7 hobgoblins
  2 quokkas (D:2)
  3 frilled lizards (D:2)
  6 kobolds
  13 rats
84 creatures vanquished.

Notes
Turn   | Place    | Note
-------+----------+-------------------------------------------
     0 | D:1      | empire the Minotaur Fighter began the quest for the Orb.
     0 | D:1      | Reached XP level 1. HP: 19/19 MP: 0/0
   226 | D:1      | Reached XP level 2. HP: 27/27 MP: 1/1
   466 | D:2      | Reached skill level 1 in Dodging
   466 | D:2      | Reached XP level 3. HP: 33/33 MP: 2/2
   776 | D:2      | Reached XP level 4. HP: 40/40 MP: 3/3
   803 | D:2      | Found a bloodstained altar of Trog.
  1306 | D:3      | Reached XP level 5. HP: 37/47 MP: 4/4
  1697 | D:3      | Found a stormy altar of Qazlal.
  1869 | D:3      | Noticed Terence
  1884 | D:3      | Killed Terence
  2069 | D:3      | Found an iron altar of Okawaru.
  2280 | D:4      | Noticed Blork the orc
  2286 | D:4      | Killed Blork the orc
  2286 | D:4      | Reached skill level 5 in Long Blades
  2286 | D:4      | Reached XP level 6. HP: 35/53 MP: 5/5
  2391 | D:4      | Found a shadowy altar of Dithmenos.
  2399 | D:4      | Reached skill level 5 in Shields
  2446 | D:4      | Found a blossoming altar of Fedhas.
  2456 | D:4      | Noticed Duvessa
  2457 | D:4      | Noticed Dowan
  2467 | D:4      | Killed Dowan
  2472 | D:4      | Killed Duvessa
  2472 | D:4      | Reached skill level 5 in Fighting
  2598 | D:4      | Reached XP level 7. HP: 49/61 MP: 6/6
  2610 | D:4      | HP: 1/61 [orc priest/divine providence (11)]
  2610 | D:4      | Slain by a leopard gecko

Skill      XL: |  1  2  3  4  5  6 |
---------------+-------------------+-----
Fighting       | 4 5 |  5.2
Long Blades    | 3 4 5 |  5.9
Dodging        | 1 2 |  2.9
Shields        | 4 5 |  5.2
Armour         | 4 |  4.7

Action                   |  1- 3 |  4- 6 |  7- 9 || total
-------------------------+-------+-------+-------++-------
Melee: Long sword        |    62 |   154 |    12 ||   228
       Headbutt          |     7 |    26 |     1 ||    34
  Use: Potion            |       |     1 |       ||     1
  Eat: Chunk             |       |     6 |       ||     6
Armor: Scale mail        |    37 |     2 |       ||    39
       Chain mail        |       |    79 |     6 ||    85
Dodge: Dodged            |    34 |    45 |     2 ||    81
Block: Shield            |    55 |    79 |     5 ||   139
       Rpst.: Long sword |     9 |    13 |     1 ||    23
